 Dungeon Crawl Stone Soup version 0.23.1 (webtiles) character file.

Game seed: 8253251749081922838

18 Chiseanne the Sneak (level 2, 6/14 HPs)
             Began as a Spriggan Assassin on Mar 6, 2019.
             Quit the game on level 1 of the Dungeon.
             The game lasted 00:02:07 (1139 turns).

Chiseanne the Sneak (Spriggan Assassin)             Turns: 1139, Time: 00:02:08

Health: 6/14       AC:  3    Str:  7    XL:     2   Next: 48%
Magic:  3/3        EV: 17    Int: 12    God:
Gold:   83         SH:  0    Dex: 17    Spells: 1/1 levels left

rFire    . . .     SeeInvis +   a - +2 dagger
rCold    . . .     Gourm    .   (shield restricted)
rNeg     . . .     Faith    .   c - +0 robe
rPois    .         Spirit   .   (helmet restricted)
rElec    .         Reflect  .   d - +0 cloak
rCorr    .         Harm     .   (gloves unavailable)
MR       .....                  (boots unavailable)
Stlth    ++++......             (no amulet)
HPRegen  0.04/turn              (no ring)
MPRegen  0.08/turn              (no ring)

@: lethally poisoned (6 -> -1), very quick
A: very small, unfitting armour, see invisible, herbivore, speed 3, slow
metabolism 2
a: no special abilities


You were on level 1 of the Dungeon.
You were not hungry.

You visited 1 branch of the dungeon, and saw 2 of its levels.

You collected 83 gold pieces.

Inventory:

Hand Weapons
 a - a +2 dagger (weapon)
 i - a +0 club
 k - a +3 vampiric whip
 w - a +0 blowgun
Missiles
 e - 7 poisoned needles
 f - 2 curare-tipped needles
 h - 35 stones (quivered)
 l - 13 sling bullets
Armour
 c - a +0 robe (worn)
 d - a +0 cloak (worn)
Jewellery
 j - a +5 ring of protection {unknown}
Scrolls
 b - a scroll of fog
Comestibles
 g - 2 rations


   Skills:
 - Level 1.5 Fighting
 + Level 2.2 Short Blades
 - Level 2.0 Throwing
 + Level 1.5 Dodging
 * Level 7.1 Stealth


You had one spell level left.
You didn't know any spells.
Your spell library was empty.

Dungeon Overview and Level Annotations

Branches:
Dungeon (2/15)

Altars:


Innate Abilities, Weirdness & Mutations

You are very small and have problems with some larger weapons.
You are too small for most types of armour.
You have supernaturally acute eyesight. (SInv)
You are a herbivore.
You cover ground extremely quickly.
You need to consume almost no food.


Message History

You hit the adder.
The adder is lightly wounded.
The adder completely misses you.
The rat twitches its whiskers.
The leopard gecko misses you.
You closely miss the adder.
The adder is lightly wounded.
You feel sick. The adder bites you. The leopard gecko closely misses you.
The adder misses you.
You barely miss the adder.
The adder is lightly wounded.
The leopard gecko bites you but does no damage.
The adder completely misses you.
You feel sick.
There is a stone staircase leading up here.
You feel sick.
You climb upwards.
There is a stone staircase leading down here.
You aren't carrying any potions.
Are you sure you want to abandon this character and quit the game? (Confirm with "yes".)

§§§P######## #.#####.###.##
§§§♣##.....# #.# #.......
#§§§...###.# #.# #####.##
##########.## #.# ####.....
##...########.# ##.##..#..
#..#..........###.#...###.
#....#######..##.###...#..
#.#.########..#.## ##..... #
#[#......@.......###.#####
########.#####.......#...#.##
...............####.##.##.##
########.####### #.##.####
###### #.# #.##.# .....#
#.##########.##.#
####.###............##.#########
#.#........÷.######.#.......#
####.#.########.######.#.#####.#


There were no monsters in sight!

Vanquished Creatures
  A bat (D:1)
  5 goblins (D:1)
  2 hobgoblins (D:1)
  4 jackals (D:1)
  A kobold (D:1)
  A rat (D:1)
14 creatures vanquished.

Notes
Turn   | Place    | Note
-------+----------+-------------------------------------------
     0 | D:1      | Chiseanne the Spriggan Assassin began the quest for the
                  | Orb.
     0 | D:1      | Reached XP level 1. HP: 10/10 MP: 2/2
    40 | D:1      | Reached skill level 6 in Stealth
   431 | D:1      | Reached XP level 2. HP: 14/14 MP: 3/3
   569 | D:1      | Reached skill level 7 in Stealth
  1139 | D:1      | Quit the game

Skill      XL: |  1  2 |
---------------+-------+-----
Stealth        | 6 7 |  7.1
Fighting       | |  1.5
Short Blades   | |  2.2
Throwing       | |  2.0
Dodging        | |  1.5

Action                   || total
-------------------------++-------
Melee: Dagger            ||    51
 Fire: Blowgun           ||     8
  Use: Scroll            ||     1
 Stab: Sleeping          ||     2
Armor: Robe              ||     7
Dodge: Dodged            ||    40
